 Dungeon Crawl Stone Soup version 0.31-a0-844-gdc52ec4e09 (webtiles) character file.

Game seed: 16861453824501404840

17 IdlyInterested the Slasher (level 2, -2/23 HPs)
             Began as a Demonspawn Gladiator on Sept 28, 2023.
             Succumbed to a kobold's poison
             ... on level 1 of the Dungeon.
             The game lasted 00:01:04 (145 turns).

IdlyInterested the Slasher (Demonspawn Gladiator)    Turns: 145, Time: 00:01:04

Health: -2/23      AC:  4    Str: 14    XL:     2   Next: 44%
Magic:  2/2        EV: 12    Int:  9    God:
Gold:   4          SH:  5    Dex: 16    Spells: 1/1 levels left

rFire   . . .        a - +0 long sword
rCold   . . .        (no shield)
rNeg    . . .        b - +0 leather armour
rPois   .            c - +0 helmet
rElec   .            (no cloak)
rCorr   .            (no gloves)
SInv    .            (no boots)
Will    .....        f - amulet of reflection
Stlth   ++           (no ring)
HPRegen 0.23/turn    (no ring)
MPRegen 0.08/turn

%: reflection
@: lethally poisoned (-2 -> -17)
A: thin skeletal structure 1
a: no special abilities


You were on level 1 of the Dungeon.
You visited 1 branch of the dungeon, and saw 1 of its levels.

You collected 4 gold pieces.

Inventory:

Hand Weapons
 a - a +0 long sword (weapon)
Missiles
 d - 3 throwing nets (quivered)
 e - a javelin
Armour
 b - a +0 leather armour (worn)
 c - a +0 helmet (worn)
Jewellery
 f - an amulet of reflection (around neck)


   Skills:
 * Level 2.6 Fighting
 + Level 2.9 Long Blades
 - Level 1.7 Throwing
 - Level 2.6 Dodging
 + Level 0.9 Evocations


You had one spell level left.
You didn't know any spells.
Your spell library was empty.

Dungeon Overview and Level Annotations

Branches:
Dungeon (1/15)

Altars:


Innate Abilities, Weirdness & Mutations

You have a somewhat thin skeletal structure. (Dex +2, Stealth+)


Message History

You hit the ball python.
The ball python is moderately wounded.
The bat hits you but does no damage. The bat barely misses you.
The ball python closely misses you. The ball python constricts you.
The bat barely misses you. The ball python barely misses you.
The ball python constricts you.
You hit the ball python.
The ball python is severely wounded.
The bat barely misses you. The bat hits you.
The ball python closely misses you. The ball python constricts you.
The bat hits you.
You hit the ball python.
You kill the ball python!
The bat misses you. The bat closely misses you. The bat barely misses you.
The goblin closely misses you.
You hit the goblin.
You kill the goblin!
The bat barely misses you. You block the kobold's attack.
You block the bat's attack.
Items here: ( )) ††.
You closely miss the kobold. The bat misses you. You block the bat's attack.
The kobold hits you with a +1 dagger of venom.
You are poisoned.
The kobold hits you with a +1 dagger of venom.
You are lethally poisoned!
You completely miss the kobold.
You feel very sick. You block the bat's attack. The bat barely misses you.
The kobold hits you with a +1 dagger of venom.
You are more poisoned.
You closely miss the kobold.
* * * LOW HITPOINT WARNING * * *
You feel very sick.
The kobold hits you with a +1 dagger of venom.
* * * LOW HITPOINT WARNING * * *
The bat closely misses you.
You aren't carrying any potions.
You hit the bat.
The bat is severely wounded.
You die...

#.# # ##)##.####
#######.........
#...........##.#
#.#####.###.#.
#.............#
#.$####.###...#
######..####.#
.# # ##
.......K@..#.#
.# #.#.
.#####.b##†#.#
.#... #..##.#.#
.....[
....##.#.#
#.#.#.
###.###.#.#
....... .. ... #
#.#.#.# ##. #.#
#........ #. #.#
.#.#.#.#.
........


You could see a bat and a kobold.

Vanquished Creatures
  A giant cockroach (D:1)
  A goblin (D:1)
  3 hobgoblins (D:1)
  4 kobolds (D:1)
  2 quokkas (D:1)
  2 ball pythons (D:1)
  A bat (D:1)
  A frilled lizard (D:1)
  A rat (D:1)
16 creatures vanquished.

Notes
Turn   | Place    | Note
-------+----------+-------------------------------------------
     0 | D:1      | IdlyInterested the Demonspawn Gladiator began the quest for
                  | the Orb.
     0 | D:1      | Reached XP level 1. HP: 16/16 MP: 1/1
    67 | D:1      | Gained mutation: You have a somewhat thin skeletal
                  | structure. (Dex +2, Stealth+) [demonic ancestry]
    67 | D:1      | Reached XP level 2. HP: 21/23 MP: 2/2
   145 | D:1      | Succumbed to a kobold's poison

Illustrated notes

Levels and vault maps discovered:
D:1:      wander_arrival_peaceful_grave, layout_loops_ring, hex_medium

Action                     || total
---------------------------++-------
  Melee: Long sword        ||    49
         Punch             ||     1
 Armour: Leather armour    ||    31
  Dodge: Dodged            ||    56
  Block: Other             ||    10
         Reflection        ||     1

Table legend: (Time is in decaauts)
 A = Elapsed time spent in this place.
 B = Non-inter-level travel time spent in this place.
 C = Inter-level travel time spent in this place.
 D = Time resting spent in this place.
 E = Time spent auto-exploring this place.
 F = Levels seen in this place.
 G = Mean time per level.
                   A        B        C        D        E       F      G
               +--------+--------+--------+--------+--------+-----+--------+
         Total |    157 |    151 |      6 |      8 |     43 |   1 |  157.0 |
       Dungeon |    157 |    151 |      6 |      8 |     43 |   1 |  157.0 |
               +--------+--------+--------+--------+--------+-----+--------+

Top non-repeatable levels by time:
     D:1: 157 daAuts
